 Dungeon Crawl Stone Soup version 0.27.0-1-g7a089689b8 (webtiles) character file.

Game seed: 6322958570504432147

406 Malachi the Vexing (level 6, -8/41 HPs)
             Began as a Vampire Enchanter on Aug 17, 2021.
             Killed by divine providence
             ... invoked by an orc priest
              (16 damage)
             ... on level 5 of the Dungeon.
             The game lasted 00:09:44 (3014 turns).

Malachi the Vexing (Vampire Enchanter)              Turns: 3014, Time: 00:09:44

Health: -8/41      AC:  3    Str:  7    XL:     6   Next: 56%
Magic:  2/10       EV: 12    Int: 20    God:
Gold:   96         SH:  0    Dex: 14    Spells: 3/11 levels left

rFire    + . .     SeeInvis +   a - +1 dagger
rCold    + . .     Faith    .   (no shield)
rNeg     . . .     Spirit   .   b - +0 robe
rPois    .         Reflect  .   h - +0 helmet
rElec    .         Harm     .   f - scarf {rC+ rF+}
rCorr    .         Rampage  .   (no gloves)
Will     .....                  (no boots)
Stlth    +++.......             (no amulet)
HPRegen  0.33/turn              (no ring)
MPRegen  0.12/turn              (no ring)

@: healing quickly
A: alive, fangs 3, see invisible, vampiric 2
a: Exsanguinate


You were on level 5 of the Dungeon.
You visited 1 branch of the dungeon, and saw 5 of its levels.

You collected 96 gold pieces.

Inventory:

Hand Weapons
 a - a +1 dagger (weapon)
Missiles
 d - 2 poisoned darts
Armour
 b - a +0 robe (worn)
 f - a scarf of resistance (worn)
 h - a +0 helmet (worn)
Wands
 g - a wand of mindburst (5)
Scrolls
 k - a scroll of identify
Potions
 c - a potion of curing
 e - a potion of cancellation {unknown}
 i - a potion of attraction {unknown}


   Skills:
 * Level 3.5 Short Blades
 - Level 2.1 Dodging
 * Level 6.7 Stealth
 - Level 3.2 Spellcasting
 - Level 7.4 Hexes


You had 3 spell levels left.
You knew the following spells:

 Your Spells              Type           Power      Damage    Failure   Level
a - Tukima's Dance        Hex            33%        N/A       1%          3
b - Ensorcelled Hibernat  Hex/Ice        36%        N/A       4%          2
c - Confusing Touch       Hex            33%        N/A       1%          3

Your spell library contained the following spells:

 Spells                   Type           Power      Damage    Failure   Level
 Corona                   Hex            36%        N/A       1%          1
 Dazzling Flash           Conj/Hex       36%        N/A       9%          3
 Animate Skeleton         Necr           6%         N/A       14%         1
 Magic Dart               Conj           12%        1d3       14%         1
 Pain                     Necr           12%        1d4       14%         1
 Call Imp                 Summ           3%         N/A       22%         2
 Gell's Gravitas          Tloc           1%         N/A       38%         3
 Mephitic Cloud           Conj/Pois/Air  3%         N/A       38%         3
 Teleport Other           Tloc           3%         N/A       38%         3
 Vampiric Draining        Necr           1%         2d6       38%         3
 Dispersal                Tloc           1%         N/A       100%        6


Dungeon Overview and Level Annotations

Branches:
Dungeon (6/15)
 Temple: D:4-7

Altars:
Vehumet

Annotations:
D:5 Ijyb


Innate Abilities, Weirdness & Mutations

Your natural rate of healing is accelerated.
You have razor-sharp teeth.
You have supernaturally acute eyesight. (SInv)
You are afflicted with vampirism and can become a bat while bloodless.


Message History

Your surroundings suddenly seem different.
An ogre comes into view. It is wielding a +0 giant spiked club.
Casting: Confusing Touch (safe; 1% risk of failure)
Confirm with . or Enter, or press ? or * to list all spells.
Aiming: Ensorcelled Hibernation (safe; 4% risk of failure)
Press: ? - help, Shift-Dir - straight line, f - ogre
Aim: an ogre, wielding a +0 giant spiked club (chance to affect: 49%)
The ogre resists with some effort.
The sentinel's mark upon you fades away.
An orc comes into view.
It is wielding a +0 hand axe and wearing a +1 scale mail of poison resistance.
Casting: Ensorcelled Hibernation (safe; 4% risk of failure)
Confirm with . or Enter, or press ? or * to list all spells.
Aiming: Ensorcelled Hibernation (safe; 4% risk of failure)
Press: ? - help, Shift-Dir - straight line, f/p - ogre
Aim: an ogre, wielding a +0 giant spiked club (chance to affect: 49%)
The ogre looks drowsy...
An orc priest comes into view. It is wielding a +0 club.
The helpless ogre fails to defend itself.
You impale the ogre!!
You kill the ogre!
An orc priest comes into view. It is wielding a +0 trident.
An orc wizard comes into view. It is wielding a +0 dagger.
The orc wizard gestures at you while chanting.
You resist with some effort.
An orc wizard comes into view. It is wielding a +0 dagger.
The orc priest mumbles some strange prayers to Beogh against you.
Beogh smites you!
* * * LOW HITPOINT WARNING * * *
You hear a shout!
You feel better.
You hit the orc.
The orc is moderately wounded.
The orc hits you with a +0 hand axe.
* * * LOW HITPOINT WARNING * * *
The orc priest calls upon Beogh to heal the orc.
The orc's wounds heal themselves!
Found a scroll of identify.
The orc priest mumbles some strange prayers to Beogh against you.
Beogh smites you!
You die...

...# # #..# .#
...####..
####.#......
#.o.....# .
#.##.#..###.o#
#.##.....o....
...#####o####.)###..
#......@....oo.###..#
##.####.#####.....o.#
#.# ######.... ... ##
#... ..... #.#?##
#.#.# ##.###### #l##
.........


You could see an orc priest, an orc wizard and 2 orcs.

Vanquished Creatures
  An ogre (D:5)
  A centaur (D:5)
  A bullfrog skeleton (D:5)
  A hound (D:5)
  An orc priest (D:3)
  A centaur zombie (D:5)
  An iguana (D:6)
  4 adders
  A worm (D:2)
  A dart slug (D:1)
  4 orcs
  3 endoplasms (D:1)
  2 giant cockroaches
  6 goblins
  5 hobgoblins (D:1)
  4 jackals (D:1)
  A quokka (D:1)
  8 ball pythons
  10 bats
  5 frilled lizards (D:1)
  9 kobolds
  2 rats
72 creatures vanquished.

Notes
Turn   | Place    | Note
-------+----------+-------------------------------------------
     0 | D:1      | Malachi the Vampire Enchanter began the quest for the Orb.
     0 | D:1      | Reached XP level 1. HP: 13/13 MP: 3/3
     6 | D:1      | Noticed a komodo dragon
     6 | D:1      | Noticed a black bear
     7 | D:1      | Noticed a hound
     7 | D:1      | Noticed a salamander
   128 | D:1      | Reached skill level 5 in Hexes
   195 | D:1      | Reached XP level 2. HP: 19/19 MP: 5/5
   198 | D:1      | Learned a level 2 spell: Ensorcelled Hibernation
   497 | D:1      | Reached skill level 6 in Hexes
   715 | D:1      | Gained mutation: You are afflicted with vampirism and can
                  | become a bat while bloodless. [Vampire growth]
   715 | D:1      | Reached XP level 3. HP: 24/24 MP: 0/6
   719 | D:1      | Learned a level 3 spell: Confusing Touch
  1037 | D:1      | Found a faded altar of an unknown god.
  1862 | D:2      | Reached XP level 4. HP: 30/30 MP: 4/7
  2550 | D:3      | Reached skill level 7 in Hexes
  2695 | D:3      | You fall into a shaft and drop 3 floors!
  2725 | D:5      | Entered Level 5 of the Dungeon
  2732 | D:6      | Reached XP level 5. HP: 35/35 MP: 9/9
  2739 | D:6      | Learned a level 3 spell: Tukima's Dance
  2781 | D:5      | Noticed a centaur
  2785 | D:5      | Killed a centaur
  2786 | D:5      | Reached skill level 5 in Stealth
  2795 | D:5      | Reached XP level 6. HP: 41/41 MP: 6/10
  2940 | D:5      | Found a radiant altar of Vehumet.
  2950 | D:5      | Noticed Ijyb
  2991 | D:5      | Noticed a water moccasin
  3014 | D:5      | Killed from afar by an orc priest

Illustrated notes

Levels and vault maps discovered:
D:1:      onia_arrival_zoo_common, layout_rooms,
          hellmonk_ecumenical_altar_prayer_group, moated_statue,
          supply_closet_lemuel
D:2:      layout_rooms, item_on_display_a
D:3:      layout_basic, gup_sewer_entry_bubbles, hangedman_decor_lopped
D:5:      layout_loops_cross, nicolae_vehumet_radiance, kb_xom_exploding_sheep,
          uniq_ijyb
D:6:      layout_basic, fedhas_ov_isle_minmay, uniq_duvessa, uniq_sigmund,
          uniq_maggie

Skill      XL: |  1  2  3  4  5  6 |
---------------+-------------------+-----
Hexes          | 5 6 7 |  7.4
Spellcasting   | 3 |  3.2
Short Blades   | 2 3 |  3.5
Stealth        | 5 6 |  6.7
Dodging        | |  2.1

Action                   |  1- 3 |  4- 6 || total
-------------------------+-------+-------++-------
Melee: Dagger            |   129 |    85 ||   214
       Bite              |     7 |     6 ||    13
 Cast: Corona            |    10 |       ||    10
       Ensorcelled Hiber |    28 |    26 ||    54
       Confusing Touch   |       |     2 ||     2
  Use: Scroll            |     1 |     4 ||     5
       Potion            |       |     3 ||     3
 Stab: Sleeping          |    25 |    14 ||    39
       Confused          |       |     3 ||     3
Armor: Robe              |    39 |    39 ||    78
Dodge: Dodged            |   123 |   101 ||   224
